 Dungeon Crawl Stone Soup version 0.21-a0-2-ge494091 (webtiles) character file.

117329 JeffiDaFish the Peltast (level 16, 0/107 HPs)
             Began as a Gargoyle Fighter on May 21, 2017.
             Was the Champion of Jiyva.
             Hit by a javelin of returning thrown by a merfolk javelineer (12 damage)
             ... on level 4 of the Shoals on May 22, 2017.
             The game lasted 01:06:44 (21435 turns).

JeffiDaFish the Peltast (Gargoyle Fighter)         Turns: 21435, Time: 01:06:45

Health: 0/107      AC: 37    Str: 37    XL:     16   Next: 73%
Magic:  16/16      EV:  9    Int:  9    God:    Jiyva [******]
Gold:   902        SH: 25    Dex: 12    Spells: 15/15 levels left

rFire    . . .     SeeInvis .   j - +4 flail
rCold    + + +     Gourm    .   E - +0 large shield
rNeg     + . .     Faith    .   z - +4 plate armour of Resonance {-Tele rElec rC++ Slay+3}
rPois    ∞         Spirit   .   (helmet restricted)
rElec    +         Reflect  .   n - +0 cloak
rCorr    +         Harm     .   m - +0 pair of gloves
MR       +....     NoTele   +   Q - +2 pair of boots {Stlth+}
Stlth    ..........             a - amulet "Suhoff" {Regen+ Int+4 Dex+3}
Regen    0.7/turn               D - +2 ring of dexterity
MPRegen  0.2/turn               G - +2 ring of slaying

@: engulfed, flying
A: antennae 1, big wings, claws 1, hooves 1, rugged brown scales 1, agile 1,
cold resistance 1, negative energy resistance 1, electricity resistance, strong
1, unbreathing, translucent skin 1, petrification resistance, rot immunity,
MP-powered wands, AC +11
a: Stop Flying, Request Jelly, Slimify, Cure Bad Mutation, Renounce Religion


You were on level 4 of the Shoals.
You worshipped Jiyva.
Jiyva was exalted by your worship.
You were completely stuffed.

You visited 4 branches of the dungeon, and saw 26 of its levels.
You also visited: Labyrinth.

You collected 930 gold pieces.
You spent 28 gold pieces at shops.

Inventory:

Hand Weapons
 j - a +4 flail (weapon)
 A - a +2 flail of protection
Armour
 m - a +0 pair of gloves (worn)
 n - a +0 cloak (worn)
 t - a +2 helmet
 z - the +4 plate armour of Resonance (worn) {-Tele rElec rC++ Slay+3}
   (You found it on level 7 of the Dungeon)

   It affects your accuracy and damage with ranged weapons and melee attacks
   (+3).
   It greatly protects you from cold.
   It insulates you from electricity.
   It prevents most forms of teleportation.
 E - a +0 large shield (worn)
 Q - a +2 pair of boots of stealth (worn)
Jewellery
 a - the amulet "Suhoff" (around neck) {Regen+ Int+4 Dex+3}
   (You found it on level 6 of the Lair of Beasts)

   [amulet of regeneration]

   It affects your intelligence (+4).
   It affects your dexterity (+3).
   It increases your rate of regeneration.
 q - an uncursed ring of protection from fire
 r - an uncursed ring of protection from cold
 D - a +2 ring of dexterity (left hand)
 G - a +2 ring of slaying (right hand)
Scrolls
 c - 3 scrolls of amnesia
 e - 2 scrolls of magic mapping
 l - 4 scrolls of fear
 s - 3 scrolls of identify
 u - 5 scrolls of teleportation
 x - 2 scrolls of summoning
 y - 3 scrolls of recharging
 F - 4 scrolls of remove curse
Potions
 b - a potion of ambrosia
 d - 2 potions of might
 g - 3 potions of berserk rage
 p - 2 potions of curing
 v - 3 potions of cancellation
 w - 3 potions of haste
Books
 k - the Tome of the Evil Volcanoes
   (You found it on level 13 of the Dungeon)

   Spells                             Type                      Level
   a - Flame Tongue                   Conjuration/Fire             1
   b - Ignite Poison                  Fire/Transmutation/Poison    3
   c - Inner Flame                    Hexes/Fire                   3
   d - Dispel Undead                  Necromancy                   5
   e - Ignition                       Fire                         8
 C - Sif Muna's Incunabulum of Warped Battle Magic
   (You found it on level 7 of the Dungeon)

   Spells                             Type                      Level
   a - Shock                          Conjuration/Air              1
   b - Apportation                    Translocation                1
   c - Throw Frost                    Conjuration/Ice              2
   d - Gell's Gravitas                Translocation                3
   e - Irradiate                      Conjuration/Transmutation    5
   f - Disjunction                    Translocation                8
Comestibles
 f - 13 bread rations
 h - 24 royal jellies
 i - 11 fruits
 o - 7 meat rations


   Skills:
 + Level 13.0 Fighting
 + Level 15.4 Maces & Flails
 + Level 11.1 Armour
 + Level 3.7 Dodging
 + Level 2.3 Stealth
 + Level 19.8 Shields


You had 15 spell levels left.
You didn't know any spells.

Dungeon Overview and Level Annotations

Branches:
Dungeon (15/15)            Temple (1/1) D:6            Lair (6/6) D:9
 Shoals (4/4) Lair:2       Spider (0/4) Lair:4        Slime (0/5) Lair:5
    Orc (0/2) D:11         Vaults (0/5) D:13         Depths (0/5) D:15

Altars:
Ashenzari
Cheibriados
Dithmenos
Elyvilon
Fedhas
Gozag
Makhleb
Nemelex Xobeh
Qazlal
Ru
Trog
Uskayaw
Vehumet
Wu Jian
Xom
Yredelemnul
Zin
The Shining One
Beogh
Jiyva

Shops:
D:4 [   D:8 *

Portals:
Trove: D:12 (give +5 demon blade)

Annotations:
D:7 2 transporters
D:9 exclusion: statue
Shoals:4 Ilsuiw


Innate Abilities, Weirdness & Mutations

You are resistant to torment.
Your stone body is resilient. (AC +11)
You are immune to poison.
Your large and strong wings let you fly indefinitely.
You resist negative energy. (rN+)
You are resistant to electric shocks. (rElec)
You can survive without breathing.
You are immune to petrification.
You are immune to rotting.
You have a pair of small antennae on your head.
You have sharp fingernails.
You have large cloven feet.
You are partially covered in rugged brown scales. (AC +1, +3% HP)
You are agile. (Dex +2)
Your flesh is cold resistant. (rC+)
Your muscles are strong. (Str +2)
Your translucent skin slightly reduces your foes' accuracy. (Stealth)
You expend magic power (3 MP) to strengthen your wands.


Message History

The merfolk impaler hits you with a trident of flaming.
* * * LOW HITPOINT WARNING * * *
The merfolk impaler burns you.
* * * LOW HITPOINT WARNING * * *
Something barely misses the merfolk impaler.
Ilsuiw hits you but does no damage.
Unknown command.
Unknown command.
You feel better. You block the water elemental's attack.
The water elemental hits the jelly!
The water elemental is burned by acid!
The water elemental is destroyed!
The jelly hits the merfolk but does no damage.
You block the merfolk's attack.
The merfolk impaler hits you with a trident of flaming.
* * * LOW HITPOINT WARNING * * *
The merfolk impaler burns you.
* * * LOW HITPOINT WARNING * * *
The merfolk javelineer throws a javelin of returning.
The javelin of returning hits you!
You die...

#......P≈≈PP≈≈≈≈≈≈≈≈.....
##.≈≈..≈P≈≈≈≈P≈≈≈≈≈≈≈≈≈...
..≈≈≈.≈≈≈≈P≈≈P≈≈≈≈≈≈≈≈≈P≈.
..≈≈≈≈≈≈≈≈≈≈≈≈≈≈≈≈≈≈P≈≈≈≈.
........P≈≈≈≈≈≈≈≈≈P≈≈≈≈P≈.
.........≈≈≈≈≈####J≈PP≈...
<.........≈≈≈##≈≈mE#≈≈.P..
...........≈##≈mmm#≈#....P
...........##≈{#@E)#≈≈P...
...........#≈≈#≈≈≈J≈≈#≈..P
...........#≈≈≈#≈≈≈≈≈# .P.
..[.......≈#≈≈≈≈#≈#≈≈# ..
..........≈≈≈#≈≈≈#≈≈##
.........≈≈≈#≈#≈≈ ≈##
......≈≈≈≈≈≈≈#≈≈≈ ##
....)≈≈≈≈≈≈≈≈ ≈##
.....≈≈≈≈≈≈≈


You could see Ilsuiw, a merfolk impaler, a merfolk javelineer, a merfolk, 2
water elementals and 2 neutral jellies (fellow slime).

Vanquished Creatures
  Donald (Shoals:3)
  The ghost of coolio the Eclecticist, a journeyman DECj of Sif Muna (D:15)
  Nessos (D:12)
  2 merfolk javelineers
  An ogre mage (D:15)
  5 merfolk impalers
  A minotaur (Lab)
  Harold (D:10)
  4 hydras
  A catoblepas (Lair:5)
  Erolcha (D:12)
  A merfolk aquamancer (Shoals:4)
  8 vault guards (D:13)
  2 centaur warriors
  An alligator snapping turtle (Shoals:2)
  3 merfolk avatars
  The ghost of Chaoticas the Cleaver, a novice MiBe of Trog (D:10)
  2 tengu warriors (D:10)
  12 death yaks
  A two-headed ogre (shapeshifter) (D:15)
  10 two-headed ogres
  10 sea snakes
  3 unseen horrors
  A wizard (D:15)
  A wolf spider zombie (D:13)
  7 harpies (Shoals:3)
  An orb spider (shapeshifter) (D:13)
  4 deep elf magi
  13 ugly things
  10 fauns
  An oklob plant (Lair:2)
  11 manticores
  3 elephants (Lair:6)
  5 cyclopes
  6 merfolk sirens
  Psyche (D:8)
  2 water nymphs
  A naga mage (D:15)
  2 gargoyles
  20 spiny frogs
  8 komodo dragons
  A freezing wraith (D:10)
  A rime drake (Lair:6)
  A tengu conjurer (D:10)
  4 trolls
  4 tyrant leeches (Lair:6)
  A queen bee (Lair:1)
  A polar bear (shapeshifter) (D:14)
  A wind drake (Shoals:1)
  9 merfolk
  9 snapping turtles
  A raiju (shapeshifter) (D:13)
  27 blink frogs
  10 hippogriffs
  8 dream sheep
  Sigmund (D:6)
  A shadow (D:13)
  3 redbacks (Lab)
  A vampire (D:13)
  8 water elementals
  28 yaks
  4 basilisks
  4 wyverns
  4 hogs (D:8)
  A steam dragon (Lair:4)
  4 hungry ghosts
  A human (D:8)
  8 vampire mosquitoes
  Menkaure (D:5)
  Edmund (D:6)
  7 water moccasins
  2 acid dragons
  9 orc warriors
  2 porcupines
  A black bear (D:6)
  3 ice beasts
  A sky beast (D:13)
  10 ogres
  2 centaurs
  A necrophage (D:8)
  16 wolves
  2 big kobolds
  10 crocodiles
  24 bullfrogs
  A gnoll sergeant (D:7)
  An earth elemental (Lab)
  A water moccasin skeleton (D:3)
  7 scorpions
  27 killer bees
  3 electric eels
  4 crimson imps
  2 centaur zombies
  A jelly (D:6)
  A bullfrog zombie (D:9)
  3 orc priests
  6 hounds
  4 orc wizards
  5 centaur skeletons
  Crazy Yiuf (D:2)
  2 bullfrog skeletons (D:10)
  3 iguanas
  9 worker ants
  A hound skeleton (D:9)
  2 worker ant zombies (D:5)
  5 gnolls
  3 river rats (D:12)
  22 adders
  6 shadow imps
  3 oozes
  An adder zombie (D:7)
  5 worms
  3 dart slugs
  4 leopard geckos
  29 orcs
  8 giant cockroaches
  10 goblins
  11 hobgoblins
  13 jackals
  11 kobolds
  4 quokkas
  3 ball pythons
  10 bats
  2 frilled lizards (D:5)
  2 jackal skeletons (D:5)
  A leopard gecko skeleton (D:5)
  A quokka skeleton (D:7)
  10 rats
659 creatures vanquished.

Vanquished Creatures (collateral kills)
  Frances (D:12)
  An alligator snapping turtle (Shoals:4)
  A bullfrog (D:12)
3 creatures vanquished.

Vanquished Creatures (others)
  An acid blob (Lair:3)
  A satyr (Shoals:3)
  2 fauns (Shoals:3)
  A rime drake (Lair:2)
  2 komodo dragons
  5 slime creatures
  3 merfolk
  2 hippogriffs
  2 dream sheep (Shoals:3)
  A yak (Lair:1)
  A hungry ghost (Lab)
  An acid dragon (D:15)
  An orc warrior (D:9)
  A porcupine (Lair:5)
  A sky beast (D:13)
  4 centaurs
  A wolf (Lair:2)
  3 bullfrogs
  A wyvern zombie (D:11)
  131 jellies
  A scorpion (D:9)
  5 killer bees
  4 crimson imps
  An orc priest (D:9)
  An orc wizard (D:9)
  A statue (D:9)
  An ooze (Lair:5)
  A leopard gecko (D:7)
  11 orcs
  A bush (Lair:6)
  5 fungi
  48 plants
245 creatures vanquished.

Grand Total: 907 creatures vanquished

Notes
Turn   | Place    | Note
-------+----------+-------------------------------------------
     0 | D:1      | JeffiDaFish the Gargoyle Fighter began the quest for the Orb.
     0 | D:1      | Reached XP level 1. HP: 14/14 MP: 1/1
    93 | D:1      | You fall through a shaft!
   241 | D:1      | Reached XP level 2. HP: 4/19 MP: 2/2
   663 | D:1      | Reached XP level 3. HP: 22/23 MP: 3/3
  1269 | D:2      | Reached XP level 4. HP: 26/29 MP: 4/4
  1324 | D:2      | Reached skill level 4 in Shields
  1614 | D:2      | Found a blossoming altar of Fedhas.
  1703 | D:2      | Found a runed door.
  1707 | D:2      | Noticed Crazy Yiuf
  1719 | D:2      | Killed Crazy Yiuf
  1719 | D:2      | Reached XP level 5. HP: 8/33 MP: 5/5
  1972 | D:2      | Found a snail-covered altar of Cheibriados.
  2025 | D:2      | Found a stormy altar of Qazlal.
  2266 | D:3      | Gained mutation: You are partially covered in large bone plates. (SH +4) [potion of mutation]
  2266 | D:3      | Gained mutation: Armour fits poorly on your strangely shaped body. [potion of mutation]
  2266 | D:3      | Gained mutation: You are partially covered in rugged brown scales. (AC +1, +3% HP) [potion of mutation]
  2904 | D:4      | Noticed an ogre
  2908 | D:4      | Killed an ogre
  2908 | D:4      | Reached XP level 6. HP: 40/40 MP: 6/6
  3011 | D:4      | Found Zenot's Antique Armour Shoppe.
  3044 | D:4      | Found a sacrificial altar of Ru.
  3527 | D:4      | Reached skill level 1 in Dodging
  3527 | D:4      | Reached skill level 1 in Stealth
  3591 | D:4      | Reached skill level 5 in Shields
  3591 | D:4      | Reached XP level 7. HP: 45/45 MP: 7/7
  3727 | D:5      | Entered Level 5 of the Dungeon
  3786 | D:5      | Reached skill level 5 in Maces & Flails
  3957 | D:5      | Noticed Menkaure
  3993 | D:5      | Killed Menkaure
  4144 | D:5      | Reached skill level 5 in Fighting
  4261 | D:5      | Reached XP level 8. HP: 49/50 MP: 8/8
  4278 | D:5      | Found a sparkling altar of Nemelex Xobeh.
  4525 | D:5      | Reached skill level 6 in Shields
  5023 | D:6      | Noticed Edmund
  5052 | D:6      | Killed Edmund
  5052 | D:6      | Reached skill level 7 in Shields
  5075 | D:6      | Noticed Sigmund
  5087 | D:6      | Killed Sigmund
  5152 | D:6      | Reached XP level 9. HP: 55/55 MP: 9/9
  5196 | D:6      | Reached skill level 5 in Armour
  5324 | D:6      | Found a shimmering altar of Xom.
  5342 | D:6      | Found a staircase to the Ecumenical Temple.
  5375 | Temple   | Entered the Ecumenical Temple
  5395 | Temple   | Became a worshipper of Jiyva Jeagask the Shapeless
  5665 | D:7      | Noticed a two-headed ogre
  5674 | D:7      | Killed a two-headed ogre
  5674 | D:7      | Reached skill level 8 in Shields
  5803 | D:7      | Identified Sif Muna's Incunabulum of Warped Battle Magic
  5934 | D:7      | Reached * piety under Jiyva
  5981 | D:7      | Got a brightly glowing plate armour
  5992 | D:7      | Identified the +4 plate armour of Resonance {-Tele rElec rC++ Slay+3} (You found it on level 7 of the Dungeon)
  6067 | D:7      | Found an ornate altar of the Wu Jian Council.
  6109 | D:7      | Found a shadowy altar of Dithmenos.
  6120 | D:7      | Noticed a yaktaur
  6120 | D:7      | Found a bloodstained altar of Trog.
  6121 | D:7      | Noticed a manticore
  6466 | D:8      | Found Ostibb's Assorted Antiques.
  6470 | D:8      | Bought a scroll labeled TAIREO RABORU for 28 gold pieces
  6521 | D:8      | Reached skill level 9 in Shields
  6521 | D:8      | Reached XP level 10. HP: 56/61 MP: 10/10
  6555 | D:8      | Noticed Psyche
  6562 | D:8      | Killed Psyche
  6608 | D:8      | Found a basalt altar of Yredelemnul.
  6634 | D:8      | Noticed a two-headed ogre
  6653 | D:8      | Killed a two-headed ogre
  6687 | D:8      | Reached ** piety under Jiyva
  6782 | D:8      | Noticed a two-headed ogre
  6788 | D:8      | Killed a two-headed ogre
  6862 | D:8      | Found a glowing golden altar of the Shining One.
  6970 | D:8      | Reached skill level 10 in Maces & Flails
  6993 | D:8      | Reached skill level 10 in Shields
  7072 | D:8      | Found a white marble altar of Elyvilon.
  7287 | D:9      | Reached *** piety under Jiyva
  7366 | D:9      | Found a radiant altar of Vehumet.
  7375 | D:9      | Found a staircase to the Lair.
  7409 | D:9      | Gained mutation: Your muscles are strong. (Str +2) [Jiyva's grace]
  7417 | D:9      | Reached **** piety under Jiyva
  7673 | D:10     | Entered Level 10 of the Dungeon
  8052 | D:10     | Reached XP level 11. HP: 67/67 MP: 11/11
  8066 | D:10     | Noticed a tengu warrior
  8067 | D:10     | Noticed a centaur warrior
  8095 | D:10     | Killed a centaur warrior
  8114 | D:10     | Killed a tengu warrior
  8114 | D:10     | Reached skill level 11 in Shields
  8152 | D:10     | Noticed a manticore
  8156 | D:10     | Noticed a tengu warrior
  8179 | D:10     | Killed a tengu warrior
  8198 | D:10     | Killed a manticore
  8263 | D:10     | Killed an unseen horror
  8377 | D:10     | Noticed Harold
  8377 | D:10     | Noticed Chaoticas's ghost (novice MiBe)
  8392 | D:10     | Killed Chaoticas's ghost
  8399 | D:10     | Killed Harold
  8399 | D:10     | Reached skill level 12 in Shields
  8514 | D:10     | Gained mutation: You evolve. [Jiyva's grace]
  8592 | D:10     | Gained mutation: You are resistant to hostile enchantments. (MR+) [Jiyva's grace]
  8767 | Lair:1   | Entered Level 1 of the Lair of Beasts
  8834 | Lair:1   | Reached XP level 12. HP: 74/75 MP: 12/12
  8936 | Lair:1   | Reached ***** piety under Jiyva
  9087 | Lair:1   | Gained mutation: You have supernaturally acute eyesight. (SInv) [evolution]
  9230 | Lair:1   | Lost mutation: Your muscles are strong. (Str +2) [potion of mutation]
  9230 | Lair:1   | Lost mutation: You have supernaturally acute eyesight. (SInv) [potion of mutation]
  9230 | Lair:1   | Lost mutation: Armour fits poorly on your strangely shaped body. [potion of mutation]
  9230 | Lair:1   | Lost mutation: You are resistant to hostile enchantments. (MR+) [potion of mutation]
  9230 | Lair:1   | Lost mutation: You are partially covered in large bone plates. (SH +4) [potion of mutation]
  9230 | Lair:1   | Gained mutation: You are mostly covered in rugged brown scales. (AC +2, +5% HP) [potion of mutation]
  9230 | Lair:1   | Gained mutation: Your body sometimes deteriorates upon taking damage. [potion of mutation]
  9230 | Lair:1   | Gained mutation: You have an increased reservoir of magic. (+10% MP) [potion of mutation]
  9439 | Lair:1   | Reached skill level 13 in Shields
  9663 | Lair:2   | Lost mutation: Your body sometimes deteriorates upon taking damage. [Jiyva's grace]
  9975 | Lair:2   | Noticed a five-headed hydra
  9986 | Lair:2   | Killed a five-headed hydra
 10079 | Lair:2   | Lost mutation: You are mostly covered in rugged brown scales. (AC +2, +5% HP) [Jiyva's grace]
 10264 | Lair:2   | Found a staircase to the Shoals.
 10365 | Lair:3   | Noticed a death yak
 10365 | Lair:3   | Noticed a death yak
 10366 | Lair:3   | Noticed a death yak
 10367 | Lair:3   | Noticed a death yak
 10367 | Lair:3   | Noticed a death yak
 10375 | Lair:3   | Slimified a death yak
 10375 | Lair:3   | Noticed an acid blob
 10375 | Lair:3   | a death yak changed into an acid blob
 10377 | Lair:3   | Killed an acid blob
 10382 | Lair:3   | Killed a death yak
 10395 | Lair:3   | Killed a death yak
 10406 | Lair:3   | Killed a death yak
 10413 | Lair:3   | Killed a death yak
 10518 | Lair:3   | Found a labyrinth entrance.
 10528 | Lab      | Entered a labyrinth
 11062 | Lab      | Reached skill level 14 in Shields
 11132 | Lab      | Reached XP level 13. HP: 78/82 MP: 14/14
 11146 | Lab      | Noticed a minotaur
 11159 | Lab      | Killed a minotaur
 11170 | Lab      | Identified the Compendium of Boosts and Translocation
 11233 | Lair:3   | Gained mutation: Your muscles are strong. (Str +2) [Jiyva's grace]
 11269 | Lair:3   | Reached ****** piety under Jiyva
 12042 | Lair:4   | Found a hole to the Spider Nest.
 12102 | Lair:4   | Gained mutation: You have large cloven feet. [evolution]
 12178 | Lair:4   | Lost mutation: You have an increased reservoir of magic. (+10% MP) [Jiyva's grace]
 12502 | Lair:5   | Gained mutation: You are agile. (Dex +2) [Jiyva's grace]
 12597 | Lair:5   | Found a runed door.
 12597 | Lair:5   | Found a viscous altar of Jiyva.
 12597 | Lair:5   | Found a staircase to the Slime Pits.
 12614 | Lair:5   | Gained mutation: You are resistant to hostile enchantments. (MR+) [Jiyva's grace]
 12988 | Lair:5   | Reached skill level 15 in Shields
 13330 | Lair:6   | Entered Level 6 of the Lair of Beasts
 13670 | Lair:6   | Gained mutation: Your large and strong wings let you fly indefinitely. [Gargoyle growth]
 13670 | Lair:6   | Reached XP level 14. HP: 89/89 MP: 14/14
 13716 | Lair:6   | Reached skill level 10 in Fighting
 13810 | Lair:6   | Gained mutation: You expend magic power (3 MP) to strengthen your wands. [Jiyva's grace]
 13843 | Lair:6   | Reached skill level 16 in Shields
 13912 | Lair:6   | Gained mutation: You are robust. (+10% HP) [Jiyva's grace]
 14098 | Lair:6   | Got a vibrating graven amulet
 14121 | Lair:6   | Identified the amulet "Suhoff" {Regen+ Int+4 Dex+3} (You found it on level 6 of the Lair of Beasts)
 14148 | Lair:6   | Gained mutation: Your spells are a little harder to cast, but a little more powerful. [Jiyva's grace]
 14388 | Lair:6   | Gained mutation: You are very agile. (Dex +4) [evolution]
 14706 | D:10     | Gained mutation: You have a pair of small antennae on your head. [Jiyva's grace]
 14922 | D:11     | Found a roughly hewn altar of Beogh.
 14929 | D:11     | Gained mutation: Your muscles are very strong. (Str +4) [Jiyva's grace]
 15044 | D:11     | Found a staircase to the Orcish Mines.
 15066 | D:11     | Lost mutation: Your muscles are very strong. (Str +4) [Jiyva's grace]
 15440 | D:12     | Noticed Erolcha
 15455 | D:12     | Killed Erolcha
 15546 | D:12     | Noticed Nessos
 15574 | D:12     | Killed Nessos
 15697 | D:12     | Gained mutation: You are covered in slimy tendrils that may disarm your opponents. [Jiyva's grace]
 15813 | D:12     | Lost mutation: You are resistant to hostile enchantments. (MR+) [Jiyva's grace]
 15837 | D:12     | Noticed Frances
 15840 | D:12     | Lost mutation: You have large cloven feet. [a neqoxec]
 15849 | D:12     | Killed Frances
 15849 | D:12     | Reached skill level 17 in Shields
 16006 | D:12     | Found a portal to a secret trove of treasure.
 16358 | D:13     | Identified the Tome of the Evil Volcanoes
 16416 | D:13     | Found a gate to the Vaults.
 16461 | D:13     | Reached XP level 15. HP: 100/106 MP: 15/15
 16515 | D:13     | Gained mutation: You passively map a small area around you. [Jiyva's grace]
 16524 | D:13     | Gained mutation: Your rubbery body absorbs attacks. (AC +1, EV +1) [Jiyva's grace]
 17036 | D:13     | Lost mutation: Your rubbery body absorbs attacks. (AC +1, EV +1) [Jiyva's grace]
 17509 | D:14     | Reached skill level 10 in Armour
 17753 | D:15     | Entered Level 15 of the Dungeon
 17781 | D:15     | Lost mutation: You have a pair of small antennae on your head. [Jiyva's grace]
 17886 | D:15     | Noticed coolio's ghost (journeyman DECj)
 17897 | D:15     | Killed coolio's ghost
 17897 | D:15     | Reached skill level 18 in Shields
 17964 | D:15     | Found a staircase to the Depths.
 18120 | D:15     | Lost mutation: You are very agile. (Dex +4) [Jiyva's grace]
 18195 | D:15     | Reached skill level 15 in Maces & Flails
 18362 | D:15     | Lost mutation: You are robust. (+10% HP) [Jiyva's grace]
 18714 | Shoals:1 | Entered Level 1 of the Shoals
 18781 | Shoals:1 | Lost mutation: You evolve. [evolution]
 18966 | Shoals:1 | Gained mutation: Your translucent skin slightly reduces your foes' accuracy. (Stealth) [Jiyva's grace]
 19125 | Shoals:1 | Gained mutation: You are frail. (-10% HP) [Jiyva's grace]
 19316 | Shoals:1 | Reached XP level 16. HP: 94/94 MP: 16/16
 19512 | Shoals:1 | Lost mutation: Your spells are a little harder to cast, but a little more powerful. [Jiyva's grace]
 19659 | Shoals:2 | Reached skill level 19 in Shields
 19904 | Shoals:2 | Lost mutation: You are covered in slimy tendrils that may disarm your opponents. [Jiyva's grace]
 20227 | Shoals:2 | Gained mutation: You have sharp fingernails. [Jiyva's grace]
 20525 | Shoals:3 | Lost mutation: You passively map a small area around you. [Jiyva's grace]
 20546 | Shoals:3 | Gained mutation: Your flesh is cold resistant. (rC+) [Jiyva's grace]
 20764 | Shoals:3 | Gained mutation: You have large cloven feet. [Jiyva's grace]
 21151 | Shoals:3 | Noticed Donald
 21151 | Shoals:3 | Gained mutation: You have a pair of small antennae on your head. [Jiyva's grace]
 21171 | Shoals:3 | Killed Donald
 21284 | Shoals:4 | Entered Level 4 of the Shoals
 21372 | Shoals:4 | Lost mutation: You are frail. (-10% HP) [Jiyva's grace]
 21385 | Shoals:4 | Noticed Ilsuiw
 21432 | Shoals:4 | HP: 3/107 [water elemental[Ilsuiw] (10)]
 21435 | Shoals:4 | Hit by a javelin of returning thrown by a merfolk javelineer

Vault maps used:
D:1:      dpeg_arrival_shrine
D:2:      fedhas_altar_1, cheibriados_altar_1, lemuel_round_altar,
          uniq_crazy_yiuf_cottage
D:3:      minmay_cupped
D:4:      nicolae_ru_awakened_eye, first_bread, serial_shops,
          nicolae_shop_window_shopping
D:5:      lemuel_doored_altar, minmay_joined_circles, uniq_menkaure
D:6:      xom_butterflies, minmay_temple_entry_statues, sigmund_edmund_badplayer
D:7:      minmay_blocky_corners, kennysheep_mini, grunt_dithmenos_smoke,
          gammafunk_temple_overflow_arena, minivault_5
D:8:      kennysheep_ying_yang, kennysheep_mini_moat, serial_shops, shop,
          grunt_livestock, uniq_psyche
D:9:      vehumet_statue, lair_entry_dummy
D:10:     hangedman_cross_veins, uniq_harold
D:11:     orc_0_dummy, special_room, corner_web_ring
D:12:     enter_trove_6, pond, uniq_nessos, uniq_frances, uniq_erolcha
D:13:     erik_vaults_2, kennysheep_generic_room_10
D:14:     minmay_misc_feat_enclosed, lemuel_flamethrower_3
D:15:     grunt_enter_depths_magical_seal, serial_bayou_ford_a
Temple:   pf_slimified_temple
Lair:2:   dpeg_oklob_gauntlet, minmay_shoals_entry_hut, serial_bayou_shore_a
Lair:3:   lab_entry_generic
Lair:4:   spider_nest_entry_web_field
Lair:5:   slime_altar_2
Lair:6:   minmay_lair_end_frog_pond, serial_forest, infiniplex_forest_end_1,
          infiniplex_forest_clump_double, infiniplex_forest_lined_corner,
          infiniplex_forest_lined_2, infiniplex_forest_clump_small,
          infiniplex_forest_straight_1
Shoals:3: uniq_donald
Shoals:4: shoals_end_hangedman, shoals_ilsuiw_alternative, uniq_polyphemus
Lab:      labyrinth_mini_lab, nicolae_lab_statue, nicolae_lab_quarters,
          lab_block, nicolae_lab_dead_end, nicolae_lab_garden,
          nicolae_lab_do_over, nicolae_lab_checkerboard, nicolae_lab_starburst,
          nicolae_lab_big_swirl, nicolae_lab_flowing_pool

Skill      XL: |  1  2  3  4  5  6  7  8  9 10 11 12 13 14 15 16 |
---------------+-------------------------------------------------+-----
Armour         | 4 5 6 7 8 9 10 11 | 11.1
Shields        | 4 5 7 9 10 12 14 15 17 18 19 | 19.8
Fighting       | 4 5 6 7 8 9 11 12 13 | 13.0
Maces & Flails | 3 4 5 7 9 10 11 12 13 14 15 | 15.4
Dodging        | 1 3 |  3.7
Stealth        | 1 2 |  2.3

Action                   |  1- 3 |  4- 6 |  7- 9 | 10-12 | 13-15 | 16-18 || total
-------------------------+-------+-------+-------+-------+-------+-------++-------
Melee: Flail             |   142 |   212 |   409 |   787 |  1562 |   492 ||  3604
Invok: Slimify           |       |       |       |     2 |     1 |     1 ||     4
       Request Jelly     |       |       |       |     2 |     1 |     9 ||    12
 Abil: Fly               |       |       |       |       |     1 |       ||     1
  Use: Potion            |     2 |     5 |     3 |     4 |     1 |     7 ||    22
       Scroll            |     1 |     4 |     9 |     5 |     8 |       ||    27
  Eat: Chunk             |     1 |     8 |    10 |     2 |       |       ||    21
Armor: Scale mail        |   103 |   101 |    63 |       |       |       ||   267
       Chain mail        |       |       |    97 |       |       |       ||    97
       Plate armour      |       |       |    13 |   279 |   542 |   339 ||  1173
Dodge: Dodged            |    56 |    56 |    98 |    75 |   189 |   162 ||   636
Block: Shield            |    95 |   131 |   395 |       |       |       ||   621
       Reflection        |       |       |    11 |     5 |     3 |       ||    19
       Large shield      |       |       |    15 |   838 |  1485 |   678 ||  3016
